 Dungeon Crawl Stone Soup version 0.26.0-90-g5fd8617961 (webtiles) character file.

Game seed: 18278575929463062242

98 Gadfly the Cudgeller (level 4, 0/44 HPs)
             Began as an Ogre Gladiator on Feb 3, 2021.
             Was an Initiate of the Shining One.
             Slain by a gnoll
             ... wielding a +3 spear
              (8 damage)
             ... on level 2 of the Dungeon.
             The game lasted 00:02:29 (1724 turns).

Gadfly the Cudgeller (Ogre Gladiator)               Turns: 1724, Time: 00:02:29

Health: 0/44       AC:  4    Str: 19    XL:     4   Next: 71%
Magic:  5/5        EV: 10    Int:  9    God:    the Shining One [......]
Gold:   36         SH:  0    Dex: 10    Spells: 3/3 levels left

rFire    . . .     SeeInvis .   a - +1 flail
rCold    . . .     Faith    .   (no shield)
rNeg     . . .     Spirit   .   b - +0 robe
rPois    +         Reflect  .   c - +0 hat
rElec    .         Harm     .   f - +0 cloak
rCorr    .         Rampage  .   (gloves unavailable)
Will     .....                  (boots unavailable)
Stlth    +.........             (no amulet)
HPRegen  0.14/turn              g - ring of poison resistance
MPRegen  0.09/turn              (no ring)

@: glowing
A: large, unfitting armour, tough skin 1
a: Renounce Religion


You were on level 2 of the Dungeon.
You worshipped the Shining One.
The Shining One was noncommittal.
You visited 1 branch of the dungeon, and saw 2 of its levels.

You collected 36 gold pieces.

Inventory:

Hand Weapons
 a - a +1 flail (weapon)
Missiles
 d - 3 throwing nets
 e - 4 boomerangs (quivered)
Armour
 b - a +0 robe (worn)
 c - a +0 hat (worn)
 f - a +0 cloak (worn)
Jewellery
 g - a ring of poison resistance (left hand)
Potions
 h - a potion of curing
 i - a potion of mutation {unknown}
 j - a potion of might {unknown}


   Skills:
 - Level 2.6 Fighting
 + Level 3.0 Maces & Flails
 + Level 2.4 Throwing
 * Level 1.4 Armour
 - Level 2.6 Dodging
 * Level 2.1 Invocations
 * Level 1.5 Evocations


You had 3 spell levels left.
You didn't know any spells.
Your spell library was empty.

Dungeon Overview and Level Annotations

Branches:
Dungeon (2/15)

Altars:
The Shining One


Innate Abilities, Weirdness & Mutations

You are too large for most types of armour.
You have tough skin. (AC +1)


Message History

You are too injured to fight recklessly!
You are too injured to fight recklessly!
You are too injured to fight recklessly!
Unknown command.
The gnoll misses you. The gnoll barely misses you.
You aren't carrying any items that you can evoke.
You aren't carrying any scrolls.
You feel much better.
The gnoll hits you from afar with a +0 halberd!
The gnoll hits you from afar with a +3 spear.
The gnoll barely misses you.
You sock the gnoll!
You kill the gnoll!
The gnoll hits you from afar with a +3 spear!
The gnoll hits you with a +3 spear.
* * * LOW HITPOINT WARNING * * *
Things that are here:
a +0 halberd; a gnoll corpse You completely miss the gnoll.
The gnoll hits you with a +3 spear!
You die...

#.# #.#
#######.####################
#.......†)..................
#.....#.##################.#
#.....#.# #.( #.....#.#
#######. #.....#+########
........ #.##.......@...#
#...#..( #.##......g....# #.
#... #.##...........# #...
+.......#########.. ##..
.....#.####### #.. #..
.....#.############# #.. #..
.....#.....##......# #.####
##. .....#>....++......#
#....#### #.
.....##..g.##......#
#(......####


You could see a gnoll.

Vanquished Creatures
  3 gnolls (D:2)
  An adder (D:2)
  An ooze (D:1)
  A worm (D:2)
  3 dart slugs
  2 leopard geckos (D:1)
  7 bats
  A giant cockroach (D:1)
  6 hobgoblins
  2 quokkas (D:2)
  A frilled lizard (D:2)
  6 goblins
  4 kobolds
  6 rats
44 creatures vanquished.

Notes
Turn   | Place    | Note
-------+----------+-------------------------------------------
     0 | D:1      | Gadfly the Ogre Gladiator began the quest for the Orb.
     0 | D:1      | Reached XP level 1. HP: 22/22 MP: 1/1
    24 | D:1      | Found a glowing golden altar of the Shining One.
    51 | D:1      | Became a worshipper of the Shining One
   301 | D:1      | Reached XP level 2. HP: 21/29 MP: 2/2
   547 | D:1      | Reached skill level 1 in Invocations
  1056 | D:1      | Reached skill level 1 in Evocations
  1056 | D:1      | Reached XP level 3. HP: 33/36 MP: 3/3
  1319 | D:2      | Reached skill level 1 in Armour
  1548 | D:2      | Reached XP level 4. HP: 44/44 MP: 5/5
  1688 | D:2      | Reached skill level 3 in Maces & Flails
  1724 | D:2      | Slain by a gnoll

Illustrated notes

Levels and vault maps discovered:
D:1:      mrwooster_arrival_arrow, layout_basic, tso_metal_star
D:2:      minmay_recursive_quarters, layout_basic, general_overflow_altar,
          nicolae_dithmenos_shadow_blocks, uniq_terence

Skill      XL: |  1  2  3  4 |
---------------+-------------+-----
Invocations    | 1 2 |  2.1
Evocations     | 1 |  1.5
Armour         | 1 |  1.4
Maces & Flails | 3 |  3.0
Fighting       | |  2.6
Throwing       | |  2.4
Dodging        | |  2.6

Action                   |  1- 3 |  4- 6 || total
-------------------------+-------+-------++-------
Melee: Flail             |    94 |    30 ||   124
Throw: Boomerang         |     4 |       ||     4
  Use: Scroll            |     6 |       ||     6
       Potion            |       |     1 ||     1
Armor: Robe              |    28 |    12 ||    40
Dodge: Dodged            |    74 |    24 ||    98
